 Dungeon Crawl Stone Soup version 0.23-a0-310-gdcc7a32 (webtiles) character file.

33 galech the Skirmisher (level 3, 29/29 HPs)
             Began as a Demonspawn Fighter on Oct 12, 2018.
             Quit the game on level 1 of the Dungeon.
             The game lasted 00:01:24 (946 turns).

galech the Skirmisher (Demonspawn Fighter)           Turns: 946, Time: 00:01:25

Health: 29/29      AC:  7    Str: 16    XL:     3   Next: 12%
Magic:  3/3        EV:  7    Int:  9    God:
Gold:   56         SH:  9    Dex: 13    Spells: 2/2 levels left

rFire    . . .     SeeInvis .   a - +0 war axe
rCold    . . .     Gourm    .   c - +0 shield
rNeg     . . .     Faith    .   b - +0 scale mail
rPois    .         Spirit   .   h - +1 hat
rElec    .         Reflect  .   (no cloak)
rCorr    .         Harm     .   (no gloves)
MR       .....                  (no boots)
Stlth    ..........             (no amulet)
HPRegen  0.09/turn              (no ring)
MPRegen  0.08/turn              (no ring)

@: no status effects
A: talons 1, demonic guardian 1
a: no special abilities


You were on level 1 of the Dungeon.
You were not hungry.

You visited 1 branch of the dungeon, and saw 1 of its levels.

You collected 56 gold pieces.

Inventory:

Hand Weapons
 a - a +0 war axe (weapon)
Armour
 b - a +0 scale mail (worn)
 c - a +0 shield (worn)
 h - a +1 hat (worn)
Scrolls
 e - a scroll of fear {unknown}
 i - a scroll of teleportation {unknown}
 j - a scroll of amnesia {unknown}
 k - a scroll of immolation {unknown}
Potions
 d - a potion of might
Comestibles
 f - 2 rations


   Skills:
 + Level 3.2 Fighting
 + Level 2.3 Axes
 + Level 2.8 Armour
 + Level 0.3 Dodging
 + Level 3.2 Shields


You had 2 spell levels left.
You didn't know any spells.
Your spell library was empty.

Dungeon Overview and Level Annotations

Branches:
Dungeon (1/15)

Altars:


Innate Abilities, Weirdness & Mutations

You have sharp toenails.
A weak demonic guardian rushes to your aid.


Message History

All of the chunks of flesh in your inventory have rotted away.
A kobold comes into view.
The kobold shouts!
You block the kobold's attack.
You hit the kobold.
The kobold is heavily wounded.
The kobold closely misses you.
You closely miss the kobold. You claw the kobold.
You kill the kobold!
No target in view!
No target in view!
No target in view!
No target in view!
No target in view!
No target in view!
No target in view!
There is an open door here.
A kobold comes into view.
The kobold shouts!
Are you sure you want to abandon this character and quit the game? (Confirm

#...........# #.###.###### #
#...........##...##.#.......# #
#...........##.K.##.#.......# #
#...........##...##.#รท......# #
#......(....##...##.........# #
#.......>...##...###........# #
#########.####...# #........# # #
########.# #...# #.##.##### #
###.....##.# #.@.# #.##.########
..#.###.##.####...# #.##.......##
#.#.###.##........# #.##..####'##
#.#...#.#######...# #.##..# #....
#.###.#.### #...# #.....# #....
#.# #.#...######'## #..#.## #....
#.###.###.#....#.####..#.####....
#.......#.#.##.#.......#.......##
......#.#.#.##.#######...####..##


You could see a kobold.

Vanquished Creatures
  A dart slug (D:1)
  A leopard gecko (D:1)
  3 giant cockroaches (D:1)
  7 goblins (D:1)
  2 hobgoblins (D:1)
  7 bats (D:1)
  A frilled lizard (D:1)
  3 kobolds (D:1)
  A rat (D:1)
26 creatures vanquished.

Notes
Turn   | Place    | Note
-------+----------+-------------------------------------------
     0 | D:1      | galech the Demonspawn Fighter began the quest for the Orb.
     0 | D:1      | Reached XP level 1. HP: 18/18 MP: 1/1
   165 | D:1      | Gained mutation: A weak demonic guardian rushes to your
                  | aid. [demonic ancestry]
   165 | D:1      | Reached XP level 2. HP: 24/24 MP: 2/2
   553 | D:1      | Gained mutation: You have sharp toenails. [demonic
                  | ancestry]
   553 | D:1      | Reached XP level 3. HP: 29/29 MP: 3/3
   946 | D:1      | Quit the game

Vault maps used:
D:1:      dpeg_arrival_three_smaller_balls

Skill      XL: |  1 |
---------------+----+-----
Shields        | 3 |  3.2
Axes           | 2 |  2.3
Fighting       | |  3.2
Armour         | |  2.8
Dodging        | |  0.3

Action                   || total
-------------------------++-------
Melee: War axe           ||    72
       Kick              ||     2
Armor: Scale mail        ||    46
Dodge: Dodged            ||    30
Block: Shield            ||    38

Table legend:
 A = Non-vault XP
 B = Vault XP
 C = Vault XP percentage of total XP
 D = Non-vault monster count
 E = Vault monster count
 F = Vault count percentage of total count
                 A         B        C        D         E       F
            +---------+---------+-------+---------+---------+-------
      Total |      48 |       0 |   0.0 |      26 |       0 |   0.0
            +---------+---------+-------+---------+---------+-------
        D:1 |      48 |       0 |   0.0 |      26 |       0 |   0.0
            +---------+---------+-------+---------+---------+-------
